 Dungeon Crawl Stone Soup version 0.22-a0-162-g33bf1272b0 (webtiles) character file.

34 RedPan the Insei (level 3, 0/29 HPs)
             Began as a Demonspawn Monk on Feb 12, 2018.
             Succumbed to an adder's poison
             ... on level 2 of the Dungeon.
             The game lasted 00:02:27 (1081 turns).

RedPan the Insei (Demonspawn Monk)                  Turns: 1081, Time: 00:02:27

Health: 0/29       AC:  4    Str: 12    XL:     3   Next: 14%
Magic:  3/3        EV: 13    Int: 16    God:
Gold:   54         SH:  0    Dex: 17    Spells: 2/2 levels left

rFire    . . .     SeeInvis .     - Unarmed
rCold    . . .     Gourm    .   (no shield)
rNeg     . . .     Faith    .   a - +0 robe
rPois    .         Spirit   .   (no helmet)
rElec    .         Reflect  .   (no cloak)
rCorr    .         Harm     .   (no gloves)
MR       .....                  i - +1 pair of boots
Stlth    +++.......             (no amulet)
HPRegen  0.09/turn              (no ring)
MPRegen  0.08/turn              (no ring)

@: brilliant, lethally poisoned (0 -> -9)
A: talons 1, thin skeletal structure 1
a: no special abilities


You were on level 2 of the Dungeon.
You were hungry.

You visited 1 branch of the dungeon, and saw 2 of its levels.

You collected 54 gold pieces.

Inventory:

Hand Weapons
 f - a +1 dagger
Armour
 a - a +0 robe (worn)
 i - a +1 pair of boots (worn)
Comestibles
 b - 5 rations
 j - 2 chunks of flesh


   Skills:
 - Level 3.0 Fighting
 - Level 2.6 Dodging
 - Level 1.7 Stealth
 + Level 3.9 Unarmed Combat


You had 2 spell levels left.
You didn't know any spells.

Dungeon Overview and Level Annotations

Branches:
Dungeon (2/15)

Altars:


Innate Abilities, Weirdness & Mutations

You have sharp toenails.
You have a somewhat thin skeletal structure. (Dex +2, Stealth)


Message History

Okay, then.
There's nothing to close nearby.
You aren't carrying any items that you can evoke.
You aren't carrying any items that you can evoke.
You aren't carrying any pieces of jewellery.
Unknown command.
Wield which item (- for none, * to show all)? (? for menu, Esc to quit)
Okay, then.
You hit the adder.
The adder is almost dead.
You feel sick. The adder closely misses you. The adder barely misses you. x2
The adder bites you.
* * * LOW HITPOINT WARNING * * *
You are more poisoned.
The adder poisons you!
You hit the adder.
The adder is almost dead.
Your surroundings suddenly seem different.
You feel clever all of a sudden.
You die...

.###.>.#### .....##..##SS.S......
..>.......## #..##.####.....
###..####..########....S.....##..
#..# ##...÷(..........##### #..#
######.........†### ..#
.......##).#......# ##
#######...###.....#
#......#####.###...# #...@.......
.#...# .....########### ..##%#
.... .. # . . #. ##


There were no monsters in sight!

Vanquished Creatures
  An ooze (D:2)
  A leopard gecko (D:1)
  A giant cockroach (D:1)
  3 goblins (D:1)
  5 hobgoblins
  4 jackals (D:1)
  4 bats
  4 kobolds
  A rat (D:2)
24 creatures vanquished.

Notes
Turn   | Place    | Note
-------+----------+-------------------------------------------
     0 | D:1      | RedPan the Demonspawn Monk began the quest for the Orb.
     0 | D:1      | Reached XP level 1. HP: 18/18 MP: 1/1
   337 | D:1      | Gained mutation: You have a somewhat thin skeletal structure. (Dex +2, Stealth) [demonic ancestry]
   337 | D:1      | Reached XP level 2. HP: 24/24 MP: 2/2
  1044 | D:2      | Gained mutation: You have sharp toenails. [demonic ancestry]
  1044 | D:2      | Reached XP level 3. HP: 17/29 MP: 3/3
  1079 | D:2      | HP: 1/29 [adder (4)]
  1081 | D:2      | Succumbed to an adder's poison

Vault maps used:
D:1:      onia_arrival_pyramid
D:2:      gammafunk_temple_of_torment, old_standard_altar,
          overflow_temple_1_default, first_ration

Skill      XL: |  1 |
---------------+----+-----
Unarmed Combat | 3 |  3.9
Fighting       | |  3.0
Dodging        | |  2.6
Stealth        | |  1.7

Action                   || total
-------------------------++-------
Melee: Unarmed           ||    77
       Punch             ||     2
  Use: Scroll            ||     4
       Potion            ||     1
 Stab: Sleeping          ||     3
Armor: Robe              ||    19
Dodge: Dodged            ||    60

Table legend:
 A = Spawn XP
 B = Non-spawn XP
 C = Spawn XP percentage of total XP
 D = Spawn monster count
 E = Non-spawn monster count
 F = Spawn count percentage of total count
 G = Total turns spent on level
                    A         B        C        D         E        F      G
               +---------+---------+-------+---------+---------+-------+---------
         Total |       0 |      49 |   0.0 |       0 |      24 |   0.0 |  1081
               +---------+---------+-------+---------+---------+-------+---------
           D:1 |       0 |      36 |   0.0 |       0 |      19 |   0.0 |  1001
           D:2 |       0 |      13 |   0.0 |       0 |       5 |   0.0 |    80
               +---------+---------+-------+---------+---------+-------+---------
